 Dungeon Crawl Stone Soup version 0.29-a0-314-gb00dd7cb4b (webtiles) character file.

Game seed: 1299944788566916823

609 Bnni the Chopper (level 7, -2/57 HPs)
             Began as a Formicid Abyssal Knight on Mar 29, 2022.
             Was an Elder of Lugonu.
             Slain by a two-headed ogre
             ... wielding a +0 giant spiked club
              (24 damage)
             ... on level 5 of the Dungeon.
             The game lasted 00:09:52 (4993 turns).

Bnni the Chopper (Formicid Abyssal Knight)          Turns: 4993, Time: 00:09:53

Health: -2/57      AC:  8    Str: 19    XL:     7   Next: 71%
Magic:  8/8        EV: 10    Int: 10    God:    Lugonu [****..]
Gold:   205        SH:  0    Dex: 11    Spells: 6/6 levels left

rFire   . . .      SeeInvis +   b - +1 hand axe (elec)
rCold   . . .      Faith    +   (no shield)
rNeg    . . .      Spirit   .   p - +3 ring mail
rPois   .          Reflect  .   (helmet unavailable)
rElec   .          Harm     .   (no cloak)
rCorr   .          Rampage  .   (no gloves)
Will    .....      Clarity  +   (no boots)
Stlth   ..........              g - amulet of faith
HPRegen 0.19/turn               (no ring)
MPRegen 0.11/turn               (no ring)

@: confused, mighty, ambrosia-drunk, attractive
A: permanent stasis, dig shafts and tunnels, antennae 3, four strong arms, claws
1, clarity, deterioration 1, screaming 1
a: Dig, Shaft Self, Renounce Religion, Depart the Abyss, Bend Space, Banish,
Corrupt


You were on level 5 of the Dungeon.
You worshipped Lugonu.
Lugonu was greatly pleased with you.
You visited 1 branch of the dungeon, and saw 5 of its levels.
You visited the Abyss 1 time.

You collected 205 gold pieces.

Inventory:

Hand Weapons
 b - a +1 hand axe of electrocution (weapon)
 f - a +0 war axe
 n - a +0 trident of chaos
Missiles
 k - 11 poisoned darts
Armour
 p - a +3 ring mail (worn)
Jewellery
 g - an amulet of faith (around neck)
Scrolls
 a - 2 scrolls of enchant armour
 e - a scroll of identify
 l - a scroll of fog
 m - a scroll of torment {unknown}
Potions
 c - 2 potions of heal wounds
 h - 3 potions of curing
 i - a potion of mutation
 o - 2 potions of might


   Skills:
 + Level 5.8 Fighting
 * Level 6.6 Axes
 - Level 2.1 Armour
 - Level 0.8 Dodging
 - Level 2.1 Invocations


You had 6 spell levels left.
You didn't know any spells.
Your spell library was empty.

Dungeon Overview and Level Annotations

Branches:
Dungeon (5/15)             Temple (0/1) D:4

Altars:
Dithmenos
Kikubaaqudgha
Okawaru
Trog
Vehumet

Shops:
D:5 *


Innate Abilities, Weirdness & Mutations

You cannot be hasted, slowed, berserked, paralysed or teleported.
You can dig through walls and to a lower floor.
You have a pair of large antennae on your head. (SInv)
Your four strong arms can wield two-handed weapons with a shield.
You have sharp fingernails.
You possess an exceptional clarity of mind.
Your body sometimes deteriorates upon taking damage.
You occasionally shout uncontrollably at your foes.


Message History

Press: ? - help, Q - select action, (/) - cycle Dir - look around, f - activate
Okay, then.
Throw: 13 darts (poison)
Press: ? - help, Shift-Dir - straight line, f/p - two-headed ogre
Aim: a two-headed ogre, wielding a +0 giant spiked club and a +0 giant club (lightly wounded, poisoned, 73% to hit)
You throw a poisoned dart.
The poisoned dart barely misses the two-headed ogre.
Throw: 12 darts (poison)
Press: ? - help, Shift-Dir - straight line, f/p - two-headed ogre
Aim: a two-headed ogre, wielding a +0 giant spiked club and a +0 giant club (lightly wounded, poisoned, 73% to hit)
You throw a poisoned dart.
The poisoned dart barely misses the two-headed ogre.
The two-headed ogre looks more healthy.
The two-headed ogre attacks as you move away!
The two-headed ogre barely misses you.
The two-headed ogre hits you with a +0 giant club!!
You feel much better. The two-headed ogre closely misses you.
The two-headed ogre hits you with a +0 giant club!!
It was a potion of mutation.
You feel extremely strange.
You feel the urge to shout.
Your thoughts seem clearer.
You feel yourself wasting away.
Your fingernails lengthen.
Okay, then.
It was a potion of attraction.
You feel attractive to monsters. The two-headed ogre barely misses you.
The two-headed ogre hits you with a +0 giant club!
It was a potion of ambrosia.
You are confused.
You feel invigorated. The two-headed ogre barely misses you.
The two-headed ogre hits you with a +0 giant club.
It was a potion of might.
You feel very mighty all of a sudden.
You hit the two-headed ogre.
The two-headed ogre is lightly wounded.
The two-headed ogre barely misses you.
The two-headed ogre hits you with a +0 giant club!
* * * LOW HITPOINT WARNING * * *
You bump into the stone wall.
The two-headed ogre hits you with a +0 giant spiked club!!
You die...

#.# #.# #.##.##....### #.# #.#
##.##.# ...... #.#
#.#############.....# ###.##
#.###................##.# .#
...##.############...##.# .
......############...##.###
...##......................
#.###############.......## ..
................@O......###....
#.###############.........(...#
### #.<.....### #.#####.# #.#
#/.(..(.. #.# #####.### #.# #..
###


You could see a two-headed ogre.

Vanquished Creatures
  A black bear (D:4)
  3 wights (D:5)
  3 hounds
  A jelly (D:4)
  An orc priest (D:5)
  An iguana (D:4)
  2 orc wizards (D:3)
  3 adders
  2 shadow imps (D:5)
  2 ufetubi
  3 dart slugs
  A worm (D:4)
  6 orcs
  10 ball pythons
  8 bats
  An endoplasm (D:1)
  6 giant cockroaches
  12 goblins
  4 hobgoblins
  A jackal (D:2)
  5 quokkas
  3 frilled lizards
  3 kobolds
  3 rats
85 creatures vanquished.

Vanquished Creatures (others)
  A plant (D:1)
1 creature vanquished.

Grand Total: 86 creatures vanquished

Notes
Turn   | Place    | Note
-------+----------+-------------------------------------------
     0 | Abyss:1  | Bnni the Formicid Abyssal Knight began the quest for the
                  | Orb.
     0 | Abyss:1  | Reached XP level 1. HP: 18/18 MP: 2/2
    97 | Abyss:1  | Noticed a starcursed mass
   100 | D:1      | Escaped the Abyss
   709 | D:1      | Reached XP level 2. HP: 19/24 MP: 3/3
   709 | D:1      | Reached ** piety under Lugonu
  1421 | D:1      | Found a faded altar of an unknown god.
  1466 | D:1      | Reached skill level 3 in Axes
  1466 | D:1      | Reached XP level 3. HP: 30/30 MP: 4/4
  2372 | D:3      | Reached XP level 4. HP: 37/37 MP: 5/5
  2412 | D:3      | Reached *** piety under Lugonu
  2457 | D:3      | Reached skill level 4 in Axes
  2457 | D:3      | Reached XP level 5. HP: 37/42 MP: 6/6
  3189 | D:4      | Noticed a black bear
  3190 | D:4      | Found a staircase to the Ecumenical Temple.
  3490 | D:4      | Reached skill level 5 in Axes
  3490 | D:4      | Reached XP level 6. HP: 29/50 MP: 7/7
  3710 | D:4      | Found a radiant altar of Vehumet.
  3761 | D:4      | Killed a black bear
  3762 | D:4      | Reached skill level 5 in Fighting
  3962 | D:5      | Entered Level 5 of the Dungeon
  3991 | D:5      | Reached XP level 7. HP: 52/56 MP: 8/8
  4238 | D:5      | Reached skill level 6 in Axes
  4260 | D:5      | Reached **** piety under Lugonu
  4793 | D:5      | Found Issodiy's Assorted Antiques.
  4935 | D:5      | Found a bloodstained altar of Trog.
  4935 | D:5      | Found a shadowy altar of Dithmenos.
  4938 | D:5      | Found an iron altar of Okawaru.
  4942 | D:5      | Found an ancient bone altar of Kikubaaqudgha.
  4975 | D:5      | Noticed a two-headed ogre
  4988 | D:5      | Gained mutation: You occasionally shout uncontrollably at
                  | your foes. [potion of mutation]
  4988 | D:5      | Gained mutation: You possess an exceptional clarity of
                  | mind. [potion of mutation]
  4988 | D:5      | Gained mutation: Your body sometimes deteriorates upon
                  | taking damage. [potion of mutation]
  4988 | D:5      | Gained mutation: You have sharp fingernails. [potion of
                  | mutation]
  4993 | D:5      | Slain by a two-headed ogre

Illustrated notes

Levels and vault maps discovered:
D:1:      dpeg_arrival_water_temple_mockup, layout_basic,
          shapermc_ecumenical_altar_mp_ritualfount
D:2:      layout_loops_ring, minmay_surrounded
D:3:      layout_loops_ring
D:4:      layout_rooms, fiery_altar_vehumet, minmay_temple_entry_stoned_glass
D:5:      layout_loops_ring, grunt_temple_overflow_open,
          mainiacjoe_overflow_paths, serial_shops, shop

Skill      XL: |  1  2  3  4  5  6  7 |
---------------+----------------------+-----
Axes           | 3 4 5 6 |  6.6
Fighting       | 4 5 |  5.8
Armour         | |  2.1
Dodging        | |  0.8
Invocations    | |  2.1

Action                   |  1- 3 |  4- 6 |  7- 9 || total
-------------------------+-------+-------+-------++-------
Melee: Hand axe          |   115 |   126 |    52 ||   293
       Punch             |       |     2 |       ||     2
Throw: Dart              |       |       |     4 ||     4
Invok: Depart the Abyss  |     1 |       |       ||     1
  Use: Scroll            |     1 |     6 |       ||     7
       Potion            |       |       |     5 ||     5
Armor: Leather armour    |    22 |       |       ||    22
       Scale mail        |    42 |    65 |    16 ||   123
       Ring mail         |       |       |     7 ||     7
Dodge: Dodged            |    62 |    61 |    35 ||   158

Table legend: (Time is in decaauts)
 A = Elapsed time spent in this place.
 B = Non-inter-level travel time spent in this place.
 C = Inter-level travel time spent in this place.
 D = Time resting spent in this place.
 E = Time spent auto-exploring this place.
 F = Levels seen in this place.
 G = Mean time per level.
                   A        B        C        D        E       F      G
               +--------+--------+--------+--------+--------+-----+--------+
         Total |   5020 |   4952 |     68 |    829 |   3304 |   6 |  836.7 |
       Dungeon |   4920 |   4852 |     68 |    829 |   3263 |   5 |  984.0 |
         Abyss |    100 |    100 |      0 |      0 |     41 |   1 |  100.0 |
               +--------+--------+--------+--------+--------+-----+--------+

Top non-repeatable levels by time:
     D:1: 1598 daAuts
     D:4: 1017 daAuts
     D:5: 902 daAuts
     D:3: 714 daAuts
     D:2: 688 daAuts
 Abyss:1: 100 daAuts
